 Dungeon Crawl Stone Soup version 0.25-a0-1137-g7f6bfe439b (webtiles) character file.

Game seed: 5822561354452737016, levelgen mode: deterministic

241 Gwenloh the Skirmisher (level 6, -13/56 HPs)
             Began as a Hill Orc Fighter on May 23, 2020.
             Was a Follower of Yredelemnul.
             Mangled by Pikel
             ... wielding a +1 whip of electrocution
              (17 damage)
             ... on level 4 of the Dungeon.
             The game lasted 00:10:21 (2999 turns).

Gwenloh the Skirmisher (Hill Orc Fighter)           Turns: 2999, Time: 00:10:23

Health: -13/56     AC:  9    Str: 19    XL:     6   Next: 8%
Magic:  6/6        EV: 11    Int:  8    God:    Yredelemnul [*.....]
Gold:   140        SH: 10    Dex: 18    Spells: 5/5 levels left

rFire    . . .     SeeInvis .   a - +0 war axe
rCold    . . .     Gourm    .   c - +0 kite shield
rNeg     . . .     Faith    .   b - +0 scale mail
rPois    .         Spirit   .   (no helmet)
rElec    .         Reflect  .   (no cloak)
rCorr    .         Harm     .   x - +0 pair of gloves
MR       .....                  A - +0 pair of boots
Stlth    ..........             (no amulet)
HPRegen  0.18/turn              g - +4 ring of evasion
MPRegen  0.10/turn              q - +6 ring of dexterity

@: no status effects
A: no striking features
a: Animate Remains, Renounce Religion


You were on level 4 of the Dungeon.
You worshipped Yredelemnul.
Yredelemnul was aware of your devotion.
You were not hungry.

You visited 1 branch of the dungeon, and saw 4 of its levels.

You collected 140 gold pieces.

Inventory:

Hand Weapons
 a - a +0 war axe (weapon)
 r - a +0 spear
 B - a +0 morningstar
Missiles
 j - 24 bolts
 m - 11 poisoned darts (quivered)
 t - 49 stones
Armour
 b - a +0 scale mail (worn)
 c - a +0 kite shield (worn)
 u - a +0 chain mail
 x - a +0 pair of gloves (worn)
 A - a +0 pair of boots (worn)
Jewellery
 g - a +4 ring of evasion (left hand)
 p - a +6 ring of intelligence
 q - a +6 ring of dexterity (right hand)
Scrolls
 e - a scroll of noise {unknown}
 i - 3 scrolls of remove curse {unknown}
 k - 3 scrolls of teleportation {unknown}
 l - 4 scrolls of identify {unknown}
 o - a scroll of amnesia {unknown}
 w - a scroll of fog {unknown}
 y - 2 scrolls of enchant armour {unknown}
 z - a scroll of immolation {unknown}
 C - a scroll of enchant weapon {unknown}
Potions
 d - a potion of might
 h - a potion of stabbing {unknown}
 n - a potion of brilliance {unknown}
 s - a potion of curing {unknown}
 v - a potion of flight {unknown}
Comestibles
 f - 5 rations


   Skills:
 * Level 5.4 Fighting
 * Level 5.1 Axes
 + Level 4.2 Armour
 + Level 4.1 Shields
 + Level 0.3 Invocations


You had 5 spell levels left.
You didn't know any spells.
Your spell library was empty.

Dungeon Overview and Level Annotations

Branches:
Dungeon (4/15)
 Temple: D:4-7

Altars:
Kikubaaqudgha
Yredelemnul

Annotations:
D:4 Pikel


Message History

Pikel hits you but does no damage.
You are electrocuted!!
You are too injured to fight recklessly!
Pikel looks more healthy.
There is a stone staircase leading up here.
You miss Pikel.
Pikel is heavily wounded.
Pikel closely misses you.
You barely miss Pikel.
Pikel is heavily wounded.
Pikel hits you with a +1 whip of electrocution.
You are electrocuted!
* * * LOW HITPOINT WARNING * * *
You hit Pikel.
Pikel is heavily wounded.
Pikel barely misses you.
Pikel hits you with a +1 whip of electrocution.
* * * LOW HITPOINT WARNING * * *
You are electrocuted!
You die...
Your body rises from the dead as a mindless zombie.

######### #.......#
#######.#####.# #..pppK@#
#.######## #.##...#####
#.##.....### #....##.##
#.##.###.... #........##
#......#..##
##...###p#.#########.#.#..##
#.. ..#....................
#... #.###.#######.###....##
# #.##.##.## .##.......
##.#..#.#p## ..........


You could see Pikel and 3 slaves.

Vanquished Creatures
  2 orc wizards (D:3)
  A centaur skeleton (D:4)
  4 adders
  An ooze (D:1)
  A worm (D:2)
  4 dart slugs
  5 leopard geckos
  10 orcs (D:3)
  4 giant cockroaches
  5 goblins
  12 hobgoblins
  6 jackals (D:2)
  2 quokkas
  2 ball pythons
  8 bats
  6 frilled lizards
  8 kobolds
  4 rats
  A plant (D:3)
86 creatures vanquished.

Vanquished Creatures (others)
  5 toadstools (D:1)
5 creatures vanquished.

Grand Total: 91 creatures vanquished

Notes
Turn   | Place    | Note
-------+----------+-------------------------------------------
     0 | D:1      | Gwenloh the Hill Orc Fighter began the quest for the Orb.
     0 | D:1      | Reached XP level 1. HP: 19/19 MP: 1/1
   199 | D:1      | Reached XP level 2. HP: 23/27 MP: 2/2
   349 | D:1      | Reached XP level 3. HP: 28/33 MP: 3/3
   907 | D:2      | Found an ancient bone altar of Kikubaaqudgha.
   979 | D:2      | Reached XP level 4. HP: 40/41 MP: 4/4
  1362 | D:2      | Found a basalt altar of Yredelemnul.
  1370 | D:2      | Became a worshipper of Yredelemnul the Dark
  1939 | D:3      | Reached XP level 5. HP: 37/47 MP: 5/5
  2066 | D:3      | Reached skill level 5 in Fighting
  2347 | D:3      | Reached * piety under Yredelemnul
  2631 | D:3      | Reached skill level 5 in Axes
  2950 | D:4      | Reached XP level 6. HP: 52/56 MP: 6/6
  2976 | D:4      | Noticed Pikel
  2976 | D:4      | Noticed a slave
  2976 | D:4      | Noticed a slave
  2976 | D:4      | Noticed a slave
  2982 | D:4      | Noticed a slave
  2999 | D:4      | Mangled by Pikel

Illustrated notes

Levels and vault maps discovered:
D:1:      ldierk_walled_garden, layout_loops_ring
D:2:      layout_basic, lemuel_coloured_pillars_altar, lemuel_doored_altar
D:3:      layout_rooms, serial_bayou_ford_a, hex_intersection
D:4:      layout_loops_ring, first_ration, minmay_misc_feat_pillars, uniq_robin,
          uniq_pikel

Skill      XL: |  1  2  3  4  5 |
---------------+----------------+-----
Axes           | 3 4 5 |  5.1
Fighting       | 4 5 |  5.4
Armour         | 4 |  4.2
Shields        | 4 |  4.1
Invocations    | |  0.3

Action                   |  1- 3 |  4- 6 || total
-------------------------+-------+-------++-------
Melee: War axe           |   108 |   168 ||   276
Throw: Dart              |    23 |    74 ||    97
  Eat: Chunk             |       |     7 ||     7
Armor: Scale mail        |    55 |    75 ||   130
Dodge: Dodged            |    28 |    62 ||    90
Block: Kite shield       |    63 |    84 ||   147

Table legend:
 A = Non-vault XP
 B = Vault XP
 C = Vault XP percentage of total XP
 D = Non-vault monster count
 E = Vault monster count
 F = Vault count percentage of total count
                 A         B        C        D         E       F
            +---------+---------+-------+---------+---------+-------
      Total |     345 |       0 |   0.0 |      85 |       0 |   0.0
            +---------+---------+-------+---------+---------+-------
        D:1 |      46 |       0 |   0.0 |      25 |       0 |   0.0
        D:2 |      94 |       0 |   0.0 |      33 |       0 |   0.0
        D:3 |     164 |       0 |   0.0 |      26 |       0 |   0.0
        D:4 |      41 |       0 |   0.0 |       1 |       0 |   0.0
            +---------+---------+-------+---------+---------+-------
